 Dungeon Crawl Stone Soup version 0.25-a0-834-g55863b0b92 (webtiles) character file.

Game seed: 4960491447335258858, levelgen mode: deterministic

21022 Nixze the Geomancer (level 12, -3/76 HPs)
             Began as a Gargoyle Earth Elementalist on Apr 23, 2020.
             Was an Elder of Sif Muna.
             Slain by a hog (11 damage)
             ... led by Kirke
             ... on level 4 of the Lair of Beasts.
             The game lasted 00:53:36 (18614 turns).

Nixze the Geomancer (Gargoyle Earth Elementalist)  Turns: 18614, Time: 00:53:37

Health: -3/76      AC:  0    Str: 11    XL:     12   Next: 85%
Magic:  3/24       EV: 14    Int: 22    God:    Sif Muna [****..]
Gold:   264        SH:  2    Dex: 10    Spells: 7/27 levels left

rFire    . . .     SeeInvis .   (weapon currently unavailable)
rCold    . . .     Gourm    .   (shield currently unavailable)
rNeg     + . .     Faith    .   (armour currently unavailable)
rPois    ∞         Spirit   .   (helmet currently unavailable)
rElec    .         Reflect  +   (cloak currently unavailable)
rCorr    .         Harm     .   (gloves currently unavailable)
MR       .....                  (boots currently unavailable)
Stlth    ++........             L - +2 amulet of reflection
HPRegen  0.22/turn              (ring currently unavailable)
MPRegen  0.19/turn              (ring currently unavailable)

@: pig-form, very quick
A: small, negative energy resistance 1, petrification resistance, rot immunity,
AC +8
a: Channel Magic, Forget Spell, Divine Exegesis, Renounce Religion


You were on level 4 of the Lair of Beasts.
You worshipped Sif Muna.
Sif Muna was greatly pleased with you.
You were near starving.
You were a filthy swine.
You visited 3 branches of the dungeon, and saw 15 of its levels.
You also visited: Ossuary and Volcano.

You collected 1086 gold pieces.
You spent 822 gold pieces at shops.

Inventory:

Hand Weapons
 b - a +2 dagger of electrocution
 J - a +2 long sword of flaming
Missiles
 u - 43 poisoned darts
 F - 149 stones (quivered)
Armour
 e - a +0 cloak (melded)
 f - a +0 buckler (melded)
 q - a +1 pair of gloves (melded)
 K - +0 acid dragon scales (melded)
 O - a +0 helmet (melded)
Magical Staves
 a - an uncursed staff of energy (melded)
Jewellery
 n - an uncursed ring of flight
 I - a +6 ring of protection (melded)
 L - a +2 amulet of reflection (around neck)
 R - a ring of protection from cold (melded)
 V - a cursed ring of teleportation {unknown}
Wands
 t - a wand of acid (24)
 x - a wand of polymorph (6)
 M - a wand of paralysis (16)
 U - a wand of digging (3)
Scrolls
 i - 7 scrolls of amnesia
 j - 6 scrolls of teleportation
 k - 7 scrolls of identify
 l - a scroll of immolation
 m - a scroll of enchant weapon {unknown}
 o - 7 scrolls of remove curse
 p - 4 scrolls of fog
 r - 2 scrolls of noise {unknown}
 y - 4 scrolls of magic mapping
 E - 3 scrolls of random uselessness
 G - a scroll of torment {unknown}
 N - 5 scrolls of enchant armour
 S - a scroll of blinking {unknown}
Potions
 c - 3 potions of stabbing
 g - 5 potions of haste
 h - 2 potions of invisibility
 s - 3 potions of lignification
 v - a potion of flight
 w - 2 potions of brilliance
 z - a potion of mutation {unknown}
 A - 3 potions of curing
 B - a potion of degeneration {unknown}
 C - 3 potions of might
 D - a potion of heal wounds
 H - 6 potions of berserk rage
 P - 3 potions of resistance
 Q - 3 potions of ambrosia
Comestibles
 d - 31 rations


   Skills:
 + Level 9.3 Fighting
 - Level 1.5 Dodging
 - Level 2.1 Stealth
 - Level 4.0 Shields
 + Level 8.1 Spellcasting
 - Level 10.0 Conjurations
 * Level 2.0 Necromancy
 - Level 0.7 Transmutations
 * Level 14.2 Earth Magic
 + Level 7.5 Invocations


You had 7 spell levels left.
You knew the following spells:

 Your Spells              Type           Power        Failure   Level  Hunger
a - Sandblast             Erth           ######       1%          1    None
b - Passwall              Tmut/Erth      #####...     1%          2    None
c - Stone Arrow           Conj/Erth      ######       1%          3    None
d - Lee's Rapid Deconstr  Erth           ######....   1%          5    #####..
e - Petrify               Tmut/Erth      #####...     3%          4    ###....
f - Borgnjor's Vile Clut  Necr/Erth      #####.....   7%          5    #####..

Your spell library contained the following spells:

 Spells                   Type           Power        Failure   Level  Hunger
 Song of Slaying          Chrm           #.......     11%         2    None
 Swiftness                Chrm/Air       #.......     11%         2    None
 Ignite Poison            Fire/Tmut/Pois ##......     21%         3    None
 Confusing Touch          Hex            #.......     22%         3    None
 Portal Projectile        Hex/Tloc       #.....       22%         3    None
 Recall                   Summ/Tloc      N/A          22%         3    None
 Irradiate                Conj/Tmut      ####......   22%         5    #####..
 Animate Dead             Necr           N/A          30%         4    ###....
 Alistair's Intoxication  Tmut/Pois      ##......     87%         5    #####..
 Death Channel            Necr           ###.......   99%         6    ######.
 Darkness                 Hex            #.........   100%        6    ######.
 Eringya's Noxious Bog    Tmut/Pois      ##........   100%        6    ######.
 Simulacrum               Ice/Necr       ##........   100%        6    ######.
 Sublimation of Blood     Necr           Unusable     N/A         2    N/A

Dungeon Overview and Level Annotations

Branches:
Dungeon (10/15)            Temple (1/1) D:7            Lair (4/6) D:10
    Orc (0/2) D:9         Ossuary (visited)         Volcano (visited)
  Swamp: Lair:2-4    Shoals: Lair:2-4     Snake: Lair:2-4    Spider: Lair:2-4

Altars:
Cheibriados
Dithmenos
Elyvilon
Fedhas
Gozag
Hepliaklqana
Kikubaaqudgha
Makhleb
Nemelex Xobeh
Okawaru
Qazlal
Ru
Sif Muna
Trog
Uskayaw
Vehumet
Wu Jian
Yredelemnul
Zin
The Shining One

Shops:
D:5 =   D:8 :   D:9 *   D:10 !

Annotations:
Lair:4 Kirke


Innate Abilities, Weirdness & Mutations

You are resistant to torment.
((Your stone body is resilient. (AC +8)))
You are immune to poison.
You resist negative energy. (rN+)
((You are resistant to electric shocks. (rElec)))
((You can survive without breathing.))
You are immune to petrification.
You are immune to rotting.


Message History

The hog completely misses you.
You hit Kirke.
Kirke is almost dead.
The harpy misses you. The harpy barely misses you.
The harpy closely misses you. The harpy claws you!
You hit Kirke.
Kirke is almost dead.
The harpy misses you. The harpy claws you! The hog bites you. Kirke hits you.
* * * LOW HITPOINT WARNING * * *
The harpy misses you. The harpy claws you!
* * * LOW HITPOINT WARNING * * *
The hog bites you!
* * * LOW HITPOINT WARNING * * *
You feel much better. The harpy closely misses you.
The harpy barely misses you. x2; The harpy misses you.
Kirke hits you.
* * * LOW HITPOINT WARNING * * *
The hog bites you.
* * * LOW HITPOINT WARNING * * *
The hog bites you!
You die...

#### ###..##
##.....## ##
#....<..## ..##.
#........### #.....
#..........####......
##.........Hh@.......
#.........#h.H#P###
#......#..#####
##....##..#
###.##.#.# #.. .....
#. .#.### ....


You could see Kirke, 2 harpies and a hog.

Vanquished Creatures
  Josephine (D:10)
  2 hydras (Lair:3)
  A two-headed ogre (D:9)
  A black mamba (Lair:2)
  A gargoyle (Volcano)
  Psyche (D:10)
  Maggie (D:6)
  4 spiny frogs
  A rime drake (Lair:3)
  An efreet (Volcano)
  2 komodo dragons
  A queen bee (D:9)
  A hornet (D:7)
  A polar bear (Lair:2)
  A dream sheep (Lair:3)
  5 hippogriffs
  7 blink frogs
  A spriggan (D:7)
  A wyvern (Lair:3)
  4 wraiths
  4 hogs (Lair:4)
  4 water elementals (D:10)
  3 basilisks
  13 yaks (Lair:3)
  2 fire elementals (Volcano)
  A hungry ghost (D:8)
  2 wargs (D:10)
  5 porcupines
  6 water moccasins
  4 orc warriors
  6 ogres
  2 sky beasts
  2 phantoms
  A necrophage (D:9)
  A wolf (Lair:3)
  3 centaurs
  5 crocodiles
  A big kobold (D:7)
  7 bullfrogs
  An elf zombie (Ossuary)
  29 killer bees (D:9)
  4 howler monkeys
  5 wights (D:10)
  2 centaur zombies
  A crimson imp (D:10)
  A bullfrog zombie (D:9)
  5 hounds
  4 orc priests
  5 bullfrog skeletons
  4 orc wizards
  A centaur skeleton (D:6)
  4 iguanas
  9 hell rats (Lair:2)
  8 worker ants
  A statue (D:7)
  3 mummies (Ossuary)
  A hound skeleton (D:8)
  A worker ant zombie (D:5)
  3 howler monkey skeletons
  4 gnolls (D:4)
  10 adders
  13 river rats (Lair:2)
  A shadow imp (D:7)
  2 oozes
  An adder skeleton (D:7)
  2 worms (D:2)
  A dart slug (D:2)
  6 leopard geckos
  25 orcs
  2 ball pythons
  6 bats
  7 giant cockroaches
  6 hobgoblins
  3 jackals (D:6)
  7 quokkas
  9 frilled lizards
  A gnoll zombie (Ossuary)
  8 goblins
  3 hobgoblin zombies (Ossuary)
  10 kobolds
  A kobold zombie (Ossuary)
  20 rats
350 creatures vanquished.

Vanquished Creatures (others)
  2 fungi (Lair:3)
2 creatures vanquished.

Grand Total: 352 creatures vanquished

Notes
Turn   | Place    | Note
-------+----------+-------------------------------------------
     0 | D:1      | Nixze the Gargoyle Earth Elementalist began the quest for
                  | the Orb.
     0 | D:1      | Reached XP level 1. HP: 10/10 MP: 3/3
   684 | D:1      | Reached skill level 4 in Earth Magic
   684 | D:1      | Reached XP level 2. HP: 8/16 MP: 0/5
  1146 | D:1      | Reached skill level 1 in Fighting
  1496 | D:1      | Reached XP level 3. HP: 20/20 MP: 4/6
  1861 | D:1      | Learned a level 2 spell: Passwall
  1865 | D:1      | Learned a level 3 spell: Stone Arrow
  2604 | D:2      | Reached XP level 4. HP: 15/25 MP: 7/7
  3428 | D:3      | Reached skill level 1 in Conjurations
  3461 | D:3      | Reached skill level 5 in Earth Magic
  3647 | D:3      | You fall into a shaft and drop 1 floor!
  3660 | D:4      | Found a sand-covered staircase.
  3668 | Ossuary  | Entered an ossuary
  3668 | Ossuary  | Noticed a wraith
  3668 | Ossuary  | Noticed a wraith
  3668 | Ossuary  | Noticed a wraith
  3720 | Ossuary  | Reached XP level 5. HP: 17/30 MP: 3/9
  4333 | Ossuary  | Noticed a wraith
  4472 | D:4      | Reached XP level 6. HP: 24/36 MP: 7/10
  4582 | D:4      | Reached skill level 6 in Earth Magic
  4607 | D:4      | Learned a level 5 spell: Lee's Rapid Deconstruction
  4917 | D:4      | Reached XP level 7. HP: 41/41 MP: 9/12
  5233 | D:4      | Reached skill level 7 in Earth Magic
  5853 | D:5      | Entered Level 5 of the Dungeon
  6138 | D:5      | Reached XP level 8. HP: 31/48 MP: 13/13
  6314 | D:5      | Found Yloah's Jewellery Boutique.
  6609 | D:5      | Reached skill level 5 in Conjurations
  6874 | D:6      | Reached skill level 8 in Earth Magic
  7050 | D:6      | Noticed Maggie
  7077 | D:6      | You fall into a shaft and drop 2 floors!
  7193 | D:7      | Reached skill level 1 in Shields
  7353 | D:6      | Killed Maggie
  7353 | D:6      | Reached XP level 9. HP: 45/53 MP: 1/15
  7457 | D:6      | Learned a level 4 spell: Petrify
  8203 | D:7      | Reached skill level 9 in Earth Magic
  8362 | D:7      | Found a staircase to the Ecumenical Temple.
  8363 | D:7      | Noticed a hornet
  8375 | D:7      | Killed a hornet
  8375 | D:7      | Reached skill level 5 in Fighting
  8402 | Temple   | Entered the Ecumenical Temple
  8603 | Temple   | Became a worshipper of Sif Muna the Loreminder
  8696 | D:7      | Found a radiant altar of Vehumet.
  8791 | D:7      | Identified the Handbook of Boosting Curses
  9409 | D:8      | Found Bemninno's Book Shoppe.
  9411 | D:8      | Reached skill level 5 in Spellcasting
  9411 | D:8      | Reached skill level 1 in Invocations
 10231 | D:9      | Found an ancient bone altar of Kikubaaqudgha.
 10363 | D:9      | Reached skill level 10 in Earth Magic
 10374 | D:9      | Reached XP level 10. HP: 59/60 MP: 0/17
 10605 | D:9      | Found a staircase to the Orcish Mines.
 10817 | D:9      | Noticed a two-headed ogre
 10823 | D:9      | Killed a two-headed ogre
 10876 | D:9      | Found Gikhaep's General Store.
 11317 | D:9      | Reached * piety under Sif Muna
 11731 | D:9      | Reached skill level 11 in Earth Magic
 11953 | D:10     | Entered Level 10 of the Dungeon
 12150 | D:10     | Noticed Psyche
 12153 | D:10     | Killed Psyche
 12274 | D:10     | Found a staircase to the Lair.
 12284 | D:10     | Reached ** piety under Sif Muna
 12303 | D:10     | Reached XP level 11. HP: 64/66 MP: 0/20
 12800 | D:10     | Found Tufen's Distillery.
 12808 | D:10     | Bought a potion of curing for 42 gold pieces
 12874 | D:10     | Noticed Josephine
 12882 | D:10     | Killed Josephine
 13619 | Lair:1   | Entered Level 1 of the Lair of Beasts
 13633 | Lair:1   | Reached skill level 5 in Invocations
 13675 | Lair:1   | Found a dark tunnel.
 13694 | Volcano  | Entered a volcano
 13714 | Volcano  | Reached skill level 12 in Earth Magic
 13776 | Volcano  | Reached skill level 10 in Conjurations
 14511 | Lair:1   | You fall into a shaft and drop 1 floor!
 14680 | Lair:2   | Reached *** piety under Sif Muna
 16190 | Lair:3   | Noticed a four-headed hydra
 16287 | Lair:3   | Reached **** piety under Sif Muna
 16297 | Lair:2   | Reached XP level 12. HP: 50/74 MP: 2/22
 16301 | Lair:2   | Reached skill level 13 in Earth Magic
 16626 | Lair:3   | Killed a four-headed hydra
 17029 | Lair:3   | Noticed a four-headed hydra
 17036 | Lair:3   | Killed a four-headed hydra
 17628 | D:8      | Bought a book of Unlife for 780 gold pieces
 17634 | D:8      | Learned a level 5 spell: Borgnjor's Vile Clutch
 17779 | Lair:3   | Reached skill level 14 in Earth Magic
 17802 | Lair:3   | Reached skill level 1 in Necromancy
 18601 | Lair:4   | Noticed Kirke
 18612 | Lair:4   | HP: 1/76 [hog[Kirke] (11)]
 18614 | Lair:4   | Slain by a hog

Levels and vault maps discovered:
D:1:      giann_bridges, layout_basic, minmay_domino_2
D:2:      layout_loops_ring, serial_forest, infiniplex_forest_diagonal,
          infiniplex_forest_lined_3, infiniplex_forest_end_2,
          infiniplex_forest_lined_3, infiniplex_forest_end_double,
          infiniplex_forest_clump_large, infiniplex_forest_end_1,
          serial_bayou_pond_b, uniq_crazy_yiuf_cottage
D:3:      layout_basic, first_ration, minmay_statues_item,
          hangedman_feature_mirror
D:4:      corexii_shack_village, layout_basic,
          lightli_ossuary_entry_decrepit_ruins, kennysheep_generic_room_9
D:5:      layout_gridville, minmay_shop_enchanted_jewellery
D:6:      layout_basic, nicolae_overflow_hidden_temple, uniq_maggie
D:7:      layout_loops_ring, vehumet_statue,
          minmay_temple_entry_statues_fountains, the_bakery
D:8:      layout_gridville, serial_shops, shop
D:9:      layout_roguey, kiku_gazebo_pond_becter, david_orc_3, special_room
          [special_room_bee], serial_shops, shop, serial_park_tiny_2
D:10:     layout_cave_pools, erik_lair_orcish_takeover, serial_shops,
          kennysheep_mini_moat, nicolae_wwwww, st_stairs_10,
          nicolae_underground_beach, uniq_psyche, uniq_josephine
Temple:   regret_index_temple_mists
Lair:1:   layout_chaotic_city, nicolae_volcano_entry_lava_flow
Lair:2:   lemuel_ratsnest, layout_chaotic_city
Lair:3:   layout_cave_pods, nzn_random_ring, lemuel_fruit_tree,
          grunt_megastairs_2
Lair:4:   layout_gridlike, minmay_shoals_entry_lonely_mermaid,
          nicolae_spider_entry_orb_guardian, special_room
          [special_room_mythical_zoo], fungi_pond_lemuel, patterned_corridor,
          serial_bayou_shore_a, uniq_kirke

Skill      XL: |  1  2  3  4  5  6  7  8  9 10 11 12 |
---------------+-------------------------------------+-----
Earth Magic    | 4 5 6 7 8 10 11 12 14 | 14.2
Fighting       | 1 2 3 4 5 6 8 9 |  9.3
Conjurations   | 1 2 3 4 6 7 9 10 | 10.0
Spellcasting   | 3 4 5 6 7 8 |  8.1
Shields        | 1 4 |  4.0
Invocations    | 2 4 6 7 |  7.5
Necromancy     | 2 |  2.0
Dodging        | |  1.5
Stealth        | |  2.1
Transmutations | |  0.7

Action                   |  1- 3 |  4- 6 |  7- 9 | 10-12 || total
-------------------------+-------+-------+-------+-------++-------
Melee: Unarmed           |    44 |       |       |     3 ||    47
       Dagger            |   174 |   165 |   206 |   252 ||   797
       Staff             |       |       |    24 |     7 ||    31
 Cast: Sandblast         |     8 |    29 |    17 |    99 ||   153
       Stone Arrow       |       |       |    82 |   180 ||   262
       Passwall          |       |       |     2 |       ||     2
       Lee's Rapid Decon |       |       |     1 |    20 ||    21
       Borgnjor's Vile C |       |       |       |     1 ||     1
Invok: Channel Magic     |       |       |       |     1 ||     1
  Use: Scroll            |       |     5 |     8 |     8 ||    21
       Potion            |       |       |       |     3 ||     3
 Stab: Sleeping          |     1 |     6 |     4 |       ||    11
  Eat: Chunk             |     5 |     5 |    16 |    16 ||    42
       Ration            |       |     1 |     1 |     3 ||     5
Armor: Robe              |    65 |    75 |    45 |       ||   185
       Leather armour    |       |       |    42 |       ||    42
       Acid dragon scale |       |       |    29 |   212 ||   241
Dodge: Dodged            |   105 |   102 |   127 |   198 ||   532
Block: Buckler           |    33 |    18 |    39 |   144 ||   234
       Reflection        |       |       |     1 |     2 ||     3

Table legend:
 A = Non-vault XP
 B = Vault XP
 C = Vault XP percentage of total XP
 D = Non-vault monster count
 E = Vault monster count
 F = Vault count percentage of total count
                 A         B        C        D         E       F
            +---------+---------+-------+---------+---------+-------
      Total |   15231 |   14801 |  49.3 |     201 |     148 |  42.4
            +---------+---------+-------+---------+---------+-------
        D:1 |      47 |       2 |   4.1 |      25 |       1 |   3.8
        D:2 |      45 |      24 |  34.8 |      15 |       4 |  21.1
        D:3 |      32 |       0 |   0.0 |       6 |       0 |   0.0
        D:4 |     784 |      50 |   6.0 |      26 |      10 |  27.8
        D:5 |     441 |       0 |   0.0 |      12 |       0 |   0.0
        D:6 |     348 |     398 |  53.4 |      18 |       1 |   5.3
        D:7 |     887 |     247 |  21.8 |      23 |       2 |   8.0
        D:8 |     656 |       0 |   0.0 |       9 |       0 |   0.0
        D:9 |    1919 |    2857 |  59.8 |      15 |      34 |  69.4
       D:10 |     616 |    3267 |  84.1 |      12 |      17 |  58.6
     Lair:1 |    1589 |       0 |   0.0 |       8 |       0 |   0.0
     Lair:2 |    1627 |    1130 |  41.0 |       6 |      44 |  88.0
     Lair:3 |    6240 |    4677 |  42.8 |      26 |      19 |  42.2
     Lair:4 |       0 |     800 | 100.0 |       0 |       4 | 100.0
    Ossuary |       0 |     149 | 100.0 |       0 |       8 | 100.0
    Volcano |       0 |    1200 | 100.0 |       0 |       4 | 100.0
            +---------+---------+-------+---------+---------+-------
